[Event "*** SCC Grand Prix: Titled Tuesday Blitz"]
[Site "Chess.com"]
[Date "2020.07.14"]
[Round "9"]
[White "Oglob71"]
[Black "1977Ivan"]
[Result "0-1"]
[WhiteElo "2526"]
[BlackElo "2688"]
[TimeControl "180+1"]
[EndTime "11:48:54 PDT"]
[Termination "1977Ivan won by checkmate"]

1. d4 Nf6 2. Nf3 g6 3. c4 Bg7 4. Nc3 d6 5. Bg5 h6 6. Bh4 c5 7. d5 g5 8. Bg3 Nh5 9. e3 Nd7 10. Bd3 a6 11. a4 Qa5 12. Qc2 b5 13. O-O bxc4 14. Bxc4 Rb8 15. Rac1 O-O 16. b3 Nxg3 17. hxg3 Nb6 18. Na2 Nxc4 19. Qxc4 e6 20. Rfd1 Rb6 21. e4 exd5 22. exd5 Bf5 23. g4 Bg6 24. Nd2 Rb7 25.
Qe2 Ra7 26. Qf3 Qd8 27. Nc4 Rb7 28. Re1 Bd4 29. Rcd1 Bc2 30. Rxd4 cxd4 31. Nc1 d3 32. Qe3 Bxb3 33. Qxd3 Bxa4 34. Ne3 Qa5 35. Qe2 Re8 36. Kh2 Qc3 37. Rh1 Rb2 38. Qf3 Qe5+ 39. Kh3 Rxf2 40. Qxf2 Qxe3+ 41. Qxe3 Rxe3+ 42. Kh2 Bc2 43. Rf1 Be4 44. Rf2 Rc3 45. Ne2 Rc2 46. Kg3 a5 47.
Nd4 Rxf2 48. Kxf2 a4 49. Nb5 Bxd5 50. g3 Bb3 51. Ke3 d5 52. Kd4 Kg7 53. Kc3 Kg6 54.
Nd4 h5 55. gxh5+ Kxh5 56. Nf5 Kg4 57. Nh6+ Kxg3 58. Nxf7 Kf4 59. Nd6 g4 60. Nb5 g3 61. Nd4 g2 62. Ne2+ Ke3 63. Ng1 d4+ 64. Kb2 Bd5 65. Nh3 d3 66. Kc3 d2 67. Kc2 a3 68.
Ng1 a2 69. Kb2 a1=Q+ 70. Kxa1 d1=Q+ 71. Kb2 Qxg1 72. Kc3 Qa1+ 73. Kb4 Qd4+ 74. Kb5 Qc4+ 75. Kb6 Qc6+ 76. Ka5 Qb7 77. Ka4 g1=Q 78. Ka5 Qa1# 0-1

[Event "*** SCC Grand Prix: Titled Tuesday Blitz"]
[Site "Chess.com"]
[Date "2020.07.14"]
[Round "9"]
[White "mortngabriel"]
[Black "karinachess1"]
[Result "1/2-1/2"]
[WhiteElo "2388"]
[BlackElo "2518"]
[TimeControl "180+1"]
[EndTime "11:49:00 PDT"]
[Termination "Game drawn by repetition"]

1. d4 Nf6 2. c4 e6 3. Nf3 d5 4.
Nc3 Be7 5. Bf4 O-O 6. e3 b6 7.
cxd5 Nxd5 8. Nxd5 Qxd5 9. a3 c5 10. dxc5 Qxc5 11. Bd3 Bb7 12. O-O Rd8 13. Nd4 Nc6 14.
Rc1 Qd5 15. Bc4 Qe4 16. Bd3 Qd5 17. Bc4 Qe4 18. f3 Qg6 19. Nxc6 Bxc6 20. Qc2 Qxc2 21.
Rxc2 Rac8 22. Rfc1 Bb7 23. Be5 Kf8 24. Kf2 f6 25.
Bg3 e5 26. Ke2 Bd6 27. Be6 Rxc2+ 28. Rxc2 Ke7 29. Bb3 Ba6+ 30. Bc4 Rc8 31. Kd3 Bb7 32.
e4 a6 33. Bb3 Rd8 34. Ke2 Bc5 35. Bf2 Bxf2 36. Kxf2 Rd7 37. Ke3 b5 38. Rd2 Bc6 39. Rxd7+ Kxd7 40. Bc2 Kd6 41. Kd3 Kc5 42. Kc3 a5 43.
b4+ axb4+ 44. axb4+ Kd6 45. Bb3 Bd7 46. g3 h6 47. h4 g5 48. hxg5 hxg5 49. Bd1 Be8 50. Be2 Bd7 51. Bd3 Be8 52. Be2 Kc6 53. Bd3 Bh5 54.
Be2 Bg6 55. Kd2 g4 56. Ke3 gxf3 57. Bxf3 Kd6 58. Bg4 Be8 59. Be2 Ke7 60. Kd3 Bd7 61. Ke3 Kf7 62. Bd3 Kg6 63. Be2 Kg5 64. Kf2 Bc6 65. Ke3 Kg6 66. Bf3 Kg5 67. Be2 Be8 68. Bd3 Kg4 69. Kf2 Kh3 70. Bf1+ Kg4 71. Be2+ Kh3 72.
Bf1+ Kg4 73. Be2+ Kg5 74. Bd3 Bc6 75. Ke3 Kg4 76. Kf2 Bd7 77. Be2+ Kg5 78. Bd3 Bc6 79. Bc2 Be8 80. Bd3 Bd7 81. Be2 Kg6 82. Bd3 Kg5 83. Be2 1/2-1/2

[Event "*** SCC Grand Prix: Titled Tuesday Blitz"]
[Site "Chess.com"]
[Date "2020.07.14"]
[Round "9"]
[White "louis198"]
[Black "Vaathi_Coming"]
[Result "1/2-1/2"]
[WhiteElo "2570"]
[BlackElo "2892"]
[TimeControl "180+1"]
[EndTime "11:49:02 PDT"]
[Termination "Game drawn by repetition"]

1. d4 e6 2. Bf4 Bd6 3. Bg3 h5 4. e4 h4 5. Bxd6 cxd6 6. h3 Qb6 7. Nc3 Nc6 8. Nf3 Nge7 9. a3 e5 10. Nb5 Rh6 11. d5 Nd8 12. b4 f6 13. c4 Nf7 14. c5 dxc5 15. bxc5 Qa5+ 16. Qd2 Qxd2+ 17. Kxd2 Kd8 18. d6 Ng6 19. Bc4 Ng5 20. Nxg5 fxg5 21.
Nc7 Rb8 22. g3 b6 23. Rab1 Nf8 24. Ke3 Rf6 25. Rhg1 hxg3 26. Rxg3 Nh7 27. h4 Bb7 28. hxg5 Rf4 29. Rh1 Bxe4 30. Rxh7 Bxh7 31. Rh3 Rxc4 32.
Rxh7 Kc8 33. Na6 Ra8 34. Rxg7 Kb7 35. Nc7 Kc6 36. Nxa8 Rxc5 37. g6 Rc3+ 38. Ke4 Kxd6 39. Rg8 Rc4+ 40. Kf5 Rf4+ 41. Kg5 Rxf2 42. g7 Rg2+ 43.
Kf6 Rf2+ 44. Kg6 Rg2+ 45. Kf7 Rf2+ 46. Ke8 Rg2 47. Kd8 e4 48. Nc7 e3 49. Rh8 e2 50.
Rh1 Kc6 51. Ne8 d5 52. Re1 d4 53. Rxe2 Rxe2 54. g8=Q Kc5 55. Qg5+ Kc4 56. Nd6+ Kc3 57. Qb5 d3 58. Qc4+ Kd2 59. Ne4+ Ke3 60. Nc3 Rc2 61.
Qe4+ Kd2 62. Nd5 Rb2 63. Qe3+ Kc2 64. Nb4+ Rxb4 65. axb4 d2 66. Qe2 b5 67. Kc7 Kc1 68. Qe3 Kc2 69. Qe4+ Kc1 70. Qf4 Kc2 71. Qf2 Kc1 72.
Qc5+ Kb2 73. Qd5 Kc2 74. Qe4+ Kc1 75. Qe3 Kc2 76. Qe2 Kc1 77. Qe3 1/2-1/2

[Event "*** SCC Grand Prix: Titled Tuesday Blitz"]
[Site "Chess.com"]
[Date "2020.07.14"]
[Round "9"]
[White "2900tactinhos"]
[Black "MomchilPetkov"]
[Result "0-1"]
[WhiteElo "2437"]
[BlackElo "2595"]
[TimeControl "180+1"]
[EndTime "11:49:05 PDT"]
[Termination "MomchilPetkov won by resignation"]

1. d4 Nf6 2. c4 e6 3. Nf3 d5 4.
Nc3 Bb4 5. Qa4+ Nc6 6. e3 O-O 7. Be2 dxc4 8. Bxc4 a6 9. Qc2 Bd6 10. h3 e5 11. O-O exd4 12. exd4 h6 13. a3 b5 14. Ba2 Bb7 15. Be3 Ne7 16. Ne5 Ned5 17.
Rae1 Nxc3 18. bxc3 Bd5 19. Bb1 Be4 20. Qb3 Bxb1 21. Qxb1 Bxe5 22. dxe5 Nd5 23. Bd4 Qg5 24. Qe4 Rad8 25. f4 Qh4 26. Kh2 Rfe8 27. g3 Qe7 28. f5 Qg5 29. h4 Qh5 30. Kh3 Nf6 31. Qf3 Qxf3 32. Rxf3 Nd5 33. g4 Rc8 34. Bc5 c6 35. g5 h5 36. e6 fxe6 37. fxe6 Nc7 38. e7 Nd5 39. Rf8+ Kh7 40. Re6 Rxf8 41. exf8=Q Rxf8 42. Bxf8 Nf4+ 43. Kg3 Nxe6 44. Bd6 Kg6 45. Kf3 Kf5 46. Ke3 g6 47. Bg3 Kg4 48. Be1 Kf5 49. Bg3 c5 50. Be1 a5 51. Bg3 b4 52. cxb4 cxb4 53. axb4 axb4 54. Be1 b3 55. Kd3 Kg4 56. Kc3 Nf4 57.
Kxb3 Ng2 58. Bd2 Nxh4 59. Kc4 Nf3 60. Be3 Nxg5 61. Kc3 Ne4+ 62. Kd3 Kf3 63. Bh6 g5 64. Kd4 g4 0-1

[Event "*** SCC Grand Prix: Titled Tuesday Blitz"]
[Site "Chess.com"]
[Date "2020.07.14"]
[Round "9"]
[White "Jungle_Jaguar"]
[Black "OhanyanEminChess"]
[Result "1-0"]
[WhiteElo "2659"]
[BlackElo "2486"]
[TimeControl "180+1"]
[EndTime "11:49:06 PDT"]
[Termination "Jungle_Jaguar won by resignation"]

1. e4 e5 2. Nf3 Nc6 3. Bb5 f5 4. d3 fxe4 5. dxe4 Nf6 6. O-O Bc5 7. Bxc6 bxc6 8. Nxe5 O-O 9. Nc3 d6 10. Na4 Qe8 11.
Nd3 Bg4 12. Qe1 Bb6 13. Nxb6 axb6 14. f3 Be6 15. b3 Nd7 16. Bb2 Qh5 17. Qg3 Qg6 18.
Qxg6 hxg6 19. a4 c5 20. c4 Nb8 21. Kf2 Nc6 22. Ke3 Na5 23. Ra3 Bxc4 24. bxc4 Nxc4+ 25.
Ke2 Nxa3 26. Bxa3 Rxa4 27. Bc1 c4 28. Nf4 Ra2+ 29. Ke3 Ra1 30. Nd5 b5 31. Nxc7 b4 32.
Kd4 b3 33. Kc3 Rb8 34. Kb2 Ra2+ 35. Kc3 Rc2+ 36. Kd4 b2 37. Bxb2 Rbxb2 38. Nd5 Rb3 39. Rd1 Rxg2 40. Kxc4 Rxf3 41. h4 Rg4 42. Nc3 Rf6 43.
Rh1 Kf7 44. Kd5 Ke7 45. Nb5 Rg2 46. h5 Rg5+ 47. Kc4 Rc5+ 48. Kb4 gxh5 49. Nd4 Re5 50.
Nc6+ Ke6 51. Nxe5 Kxe5 52. Rxh5+ Kxe4 53. Rg5 Rf7 54. Kc3 d5 55. Kd2 Re7 56. Rg4+ Ke5 57. Kd3 Rf7 58. Rg5+ Ke6 59. Kd4 Rf4+ 60. Ke3 Re4+ 61.
Kd3 Kf6 62. Rxd5 Re7 63. Ra5 g5 64. Kd4 g4 65. Ra8 Re1 66. Rf8+ Kg5 67. Re8 Kf4 68.
Rxe1 Kf3 69. Rf1+ Ke2 70. Rg1 Kf3 71. Kd3 g3 72. Rf1+ Kg2 73. Ke2 Kh2 74. Rb1 g2 75. Kf2 1-0

[Event "*** SCC Grand Prix: Titled Tuesday Blitz"]
[Site "Chess.com"]
[Date "2020.07.14"]
[Round "9"]
[White "ARMQUEEN"]
[Black "freshfoodcompany"]
[Result "1/2-1/2"]
[WhiteElo "2440"]
[BlackElo "2281"]
[TimeControl "180+1"]
[EndTime "11:49:06 PDT"]
[Termination "Game drawn by repetition"]

1. e4 c5 2. Nc3 a6 3. Bc4 e6 4. a4 b6 5. Nf3 d6 6. d4 Bb7 7. O-O Be7 8. Be3 Nf6 9. Qd3 O-O 10. d5 exd5 11. exd5 Nbd7 12. h3 Re8 13. Qd2 Bf8 14. Bg5 h6 15. Bh4 Qc7 16. Rae1 Rac8 17. Kh1 Qb8 18. g4 Rxe1 19. Rxe1 Re8 20. Rg1 Ne4 21.
Nxe4 Rxe4 22. Bd3 Bxd5 23. Bxe4 Bxe4 24. Qe3 Qb7 25. Rg3 Ne5 26. Kg2 g5 27. Bxg5 Nxf3 28. Bf6 Ne1+ 29. Kf1 Nxc2 30. Qf4 Bg6 31. Kg1 Qd5 32. Bc3 Qd1+ 33. Kh2 Bg7 34. g5 Bxc3 35. bxc3 h5 36. Qf6 Qd2 37. c4 Kh7 38. h4 Nd4 39.
Re3 Nf5 40. Rf3 Qe2 41. Rxf5 Bxf5 42. Qxf5+ Kg7 43. Qf6+ Kg8 44. Qd8+ Kh7 45. Kg2 Qe4+ 46. Kg1 Qg4+ 47. Kf1 Qxc4+ 48. Kg2 Qg4+ 49. Kf1 Qxh4 50. Qf6 Qc4+ 51. Kg2 Qd5+ 52. Kg3 Qd3+ 53. Kg2 Qe4+ 54. Kf1 Qg6 55. Qf4 Kg7 56. Kg2 d5 57. Qe5+ f6 58. Qe7+ Qf7 59. gxf6+ Kg6 60. Qe5 Qxf6 61.
Qe8+ Kg7 62. Qd7+ Qf7 63. Qd8 Kh6 64. Kf1 Qg6 65. Qxd5 Qb1+ 66. Kg2 Qg6+ 67. Kf1 Qf6 68. Qd2+ Kg7 69. Qd7+ Kg6 70. Qd3+ Kh6 71. Qe3+ Kh7 72. Qd3+ Qg6 73. Qxa6 Qb1+ 74. Kg2 Qe4+ 75. Kg3 Qg4+ 76. Kh2 Qh4+ 77. Kg1 Qg4+ 78. Kf1 Qd1+ 79. Kg2 Qd5+ 80. Kg1 Qg5+ 81. Kf1 Qc1+ 82. Kg2 Qg5+ 83. Kf1 Qc1+ 84. Kg2 Qg5+ 85. Kf1 1/2-1/2

[Event "*** SCC Grand Prix: Titled Tuesday Blitz"]
[Site "Chess.com"]
[Date "2020.07.14"]
[Round "9"]
[White "NormWeinstein"]
[Black "kasparicy"]
[Result "1/2-1/2"]
[WhiteElo "2455"]
[BlackElo "2323"]
[TimeControl "180+1"]
[EndTime "11:49:09 PDT"]
[Termination "Game drawn - insufficient material"]

1. e4 c5 2. Nf3 d6 3. Nc3 Nf6 4. e5 dxe5 5. Nxe5 Nbd7 6. Nc4 e6 7. g3 a6 8. Bg2 Qc7 9. a4 Be7 10. O-O O-O 11. a5 Rb8 12. d3 b6 13. axb6 Nxb6 14. Bf4 Qa7 15. Bxb8 Qxb8 16. Nxb6 Qxb6 17. b3 Bb7 18. Ne4 Rd8 19. Re1 Nd5 20. Qe2 Bf8 21.
Qd2 Nb4 22. Nc3 Bxg2 23. Kxg2 Qc6+ 24. f3 g6 25. Rad1 Bg7 26. Ne4 h6 27. Qe2 Nd5 28.
c4 Nb4 29. Nf2 Bc3 30. Rf1 Qb7 31. Ng4 Kg7 32. Qe3 g5 33. Nf2 Bd4 34. Qe4 Nc6 35. Rb1 Qc7 36. h4 Bf6 37. hxg5 hxg5 38. Ng4 Nd4 39. Nxf6 Kxf6 40. f4 gxf4 41. Rxf4+ Ke7 42. Rbf1 f5 43. Rxf5 Nxf5 44. Rxf5 Rd4 45. Qe3 Qc6+ 46. Kh2 Qe8 47. Rg5 Qh8+ 48. Kg2 Qh7 49. Re5 Qg6 50. Re4 Rxe4 51. Qxe4 Qg5 52. Qb7+ Kf6 53. Qf3+ Ke7 54.
Qf4 Qh5 55. Qc7+ Kf6 56. Qf4+ Ke7 57. g4 Qh4 58. Qc7+ Kf6 59. Qf4+ Ke7 60. Qg3 Qg5 61. Qc7+ Ke8 62. Kf3 Qf6+ 63. Qf4 Qc3 64. Qb8+ Kf7 65. Qc7+ Kf6 66. Qf4+ Ke7 67. Qc7+ Kf6 68. Qxc5 Qxd3+ 69. Qe3 Qd1+ 70. Ke4 Qc2+ 71. Qd3 Qg2+ 72. Kf4 e5+ 73. Ke3 Qg3+ 74. Kd2 Qxg4 75. Qd6+ Kf5 76. Qd7+ Kf4 77.
Qxg4+ Kxg4 78. Ke3 Kf5 79. c5 Ke6 80. b4 Kd5 81. Kd3 a5 82. bxa5 Kxc5 83. Ke4 Kb5 84.
a6 Kxa6 85. Kxe5 1/2-1/2

[Event "*** SCC Grand Prix: Titled Tuesday Blitz"]
[Site "Chess.com"]
[Date "2020.07.14"]
[Round "9"]
[White "ZenBull"]
[Black "WonderChampion"]
[Result "1-0"]
[WhiteElo "2116"]
[BlackElo "1992"]
[TimeControl "180+1"]
[EndTime "11:49:11 PDT"]
[Termination "ZenBull won by checkmate"]

1. Nf3 d5 2. d4 Nf6 3. c4 e6 4.
g3 c6 5. Bg2 dxc4 6. O-O Bd6 7.
a4 Nbd7 8. Nfd2 O-O 9. Nxc4 Bc7 10. Nc3 e5 11. e4 exd4 12. Qxd4 Re8 13. Rd1 Qe7 14.
h3 Ne5 15. Be3 Nxc4 16. Qxc4 Be6 17. Qe2 Bb6 18. a5 Bxe3 19. Qxe3 a6 20. Qb6 Rad8 21. Na4 Bc8 22. Nc5 Rxd1+ 23. Rxd1 h6 24. Kh2 Kf8 25.
Rd3 Be6 26. Nxe6+ fxe6 27. Rb3 Rb8 28. Qd4 e5 29. Qc4 Qf7 30. Qc5+ Qe7 31. Qc3 Ke8 32. Rb6 Qc7 33. Qb3 Ke7 34. f3 Nd7 35. Rb4 Nc5 36. Qc3 Nd7 37. Bf1 c5 38. Rb3 b5 39. axb6 Rxb6 40.
Rxb6 Qxb6 41. Bc4 Qd6 42. Bd5 Nb6 43. Bb3 Qd4 44. Qxd4 exd4 45. Kg2 c4 46. Bd1 d3 47.
Kf2 Nd7 48. Ke3 Kd6 49. Kd4 Nb6 50. f4 g6 51. e5+ Ke6 52. Bg4+ Ke7 53. Kc5 h5 54.
Bd1 Nd7+ 55. Kxc4 Nb8 56. Kxd3 Nc6 57. Ke4 Nd8 58. g4 Nf7 59. f5 gxf5+ 60. gxf5 Ng5+ 61. Kd5 Nxh3 62. Bxh5 Nf4+ 63. Kc6 Nxh5 64. Kb6 Ng7 65. f6+ Kf7 66. fxg7 Kxg7 67. Kxa6 Kf7 68. b4 Ke6 69. b5 Kxe5 70. b6 Kd6 71. b7 Kc7 72. Ka7 Kc6 73.
b8=Q Kd5 74. Qf4 Kc5 75. Qe4 Kb5 76. Qd4 Ka5 77. Qb2 Ka4 78. Kb7 Ka5 79. Kc6 Ka4 80. Kc5 Ka5 81. Qb5# 1-0

[Event "*** SCC Grand Prix: Titled Tuesday Blitz"]
[Site "Chess.com"]
[Date "2020.07.14"]
[Round "9"]
[White "rasmussvane"]
[Black "KazakhFighter04"]
[Result "1-0"]
[WhiteElo "2891"]
[BlackElo "2745"]
[TimeControl "180+1"]
[EndTime "11:49:13 PDT"]
[Termination "rasmussvane won by resignation"]

1. Nf3 d5 2. g3 g6 3. Bg2 Bg7 4. d4 Nf6 5. O-O O-O 6. c4 c6 7. Qb3 Qb6 8. Nc3 Rd8 9. Bd2 Bf5 10. Na4 Qxb3 11. axb3 Na6 12. Rfc1 Ne4 13. Ba5 Rdc8 14.
e3 Be6 15. Nd2 Nxd2 16. Bxd2 Rab8 17. Bf1 Kf8 18. Nc3 dxc4 19. bxc4 c5 20. Nb5 cxd4 21. exd4 Bd7 22. Nxa7 Rd8 23. Ba5 Bxd4 24. Bxd8 Rxd8 25. Rd1 Bxa7 26. b4 Bb8 27. c5 Nxb4 28. Rab1 Nc6 29.
Rxb7 Ke8 30. Bb5 Ne5 31. Bxd7+ Nxd7 32. c6 Ne5 33. Rxd8+ Kxd8 34. Rxb8+ Kc7 35. Rb7+ Kxc6 36. Rxe7 Kd6 37. Ra7 Ke6 38. Kg2 h5 39. h3 Kf6 40.
Kf1 Kg7 41. Ke2 Kf6 42. Ra6+ Kf5 43. Ra5 Kf6 44. Rc5 Nd7 45. Rb5 Ne5 46. Ke3 Nd7 47. Kd4 Nf8 48. f4 Ne6+ 49. Ke4 Ng7 50. Rb6+ Ke7 51.
Ke5 Ne8 52. Rb7+ Kf8 53. Ra7 Kg7 54. g4 hxg4 55. hxg4 Nf6 56. g5 Nh5 57. Ra3 Kf8 58. Ra8+ Kg7 59. Ra7 Ng3 60. Kd6 Nf5+ 61. Kd7 Kf8 62.
Ra8+ Kg7 63. Rb8 Ne3 64. Ke8 Nd5 65. Rb7 Kg8 66. Rxf7 Ne3 67. Rf8+ Kg7 68. Rf7+ Kg8 69. Re7 Nd5 70. Re4 Kg7 71. Kd7 Nc3 72. Rc4 Ne2 73.
Ke6 Ng3 74. Rc7+ Kg8 75. Kf6 Nh5+ 76. Kxg6 Nxf4+ 77. Kf5 Nd5 78. Ra7 Ne3+ 79. Kg6 Kf8 80. Ra8+ Ke7 81. Kh7 Nf5 82. g6 Kf6 83. Rf8+ 1-0

[Event "*** SCC Grand Prix: Titled Tuesday Blitz"]
[Site "Chess.com"]
[Date "2020.07.14"]
[Round "9"]
[White "Vladislav_Chizhikov"]
[Black "Olga_Zhuravleva"]
[Result "1/2-1/2"]
[WhiteElo "2422"]
[BlackElo "2314"]
[TimeControl "180+1"]
[EndTime "11:49:15 PDT"]
[Termination "Game drawn by repetition"]

1. e4 e5 2. Nf3 Nc6 3. Bc4 Nf6 4. O-O Bc5 5. d4 exd4 6. e5 d5 7. Bb5 Ne4 8. Nxd4 Bd7 9. Bxc6 bxc6 10. f3 Ng5 11. f4 Ne4 12. Be3 Qe7 13. c3 O-O 14.
Nd2 Nxd2 15. Qxd2 Rab8 16. b4 Bb6 17. Nb3 f6 18. Bc5 Bxc5+ 19. Nxc5 fxe5 20. fxe5 Bf5 21. Qd4 Rbe8 22. Rae1 Qg5 23. Qf4 Qg6 24. e6 Bxe6 25. Qxc7 Rxf1+ 26. Rxf1 Bh3 27. Qg3 Qxg3 28. hxg3 Bg4 29. Rf4 h5 30. c4 Re1+ 31. Kh2 Re2 32. cxd5 cxd5 33. a4 g5 34. Rf1 Rd2 35. b5 d4 36. Ne4 Ra2 37. Nf6+ Kg7 38. Nxg4 hxg4 39. Rf5 Kg6 40. Rd5 Rxa4 41. Kg1 Rb4 42. Kf2 Rb2+ 43. Kf1 d3 44. Rxd3 Rxb5 45. Rd6+ Kf5 46. Ra6 Rb7 47.
Ra5+ Kf6 48. Kf2 Rb2+ 49. Kg1 Rb1+ 50. Kh2 Rb7 51. Ra6+ Rb6 52. Rxa7 Kf5 53. Ra5+ Kg6 54.
Ra2 Rf6 55. Kg1 Kh5 56. Ra7 Rf5 57. Ra6 Re5 58. Ra7 Rf5 59. Re7 Rf6 60. Re5 Kg6 61.
Rd5 Kh5 62. Rd2 Kg6 63. Re2 Kh5 64. Rf2 Re6 65. Rf8 Kg6 66. Kf2 Rb6 67. Ke3 Rb2 68.
Rf2 Rb3+ 69. Ke2 Rxg3 70. Kf1 Rb3 71. Ra2 Kh5 72. Kf2 g3+ 73. Ke2 Kg4 74. Ra4+ Kf5 75.
Ra5+ Kg6 76. Ra6+ Kh5 77. Ra5 Rb2+ 78. Kf3 Rb3+ 79. Ke2 Rb2+ 80. Kf3 Rb3+ 81. Ke2 1/2-1/2

[Event "*** SCC Grand Prix: Titled Tuesday Blitz"]
[Site "Chess.com"]
[Date "2020.07.14"]
[Round "9"]
[White "silverback96"]
[Black "KetiGrant"]
[Result "1-0"]
[WhiteElo "2246"]
[BlackElo "2369"]
[TimeControl "180+1"]
[EndTime "11:49:16 PDT"]
[Termination "silverback96 won on time"]

1. e4 c5 2. c4 Nc6 3. Nc3 Nf6 4. g3 e6 5. Bg2 Be7 6. Nge2 O-O 7. d4 cxd4 8. Nxd4 d6 9. O-O Bd7 10. Be3 a6 11. b3 Rc8 12. h3 b5 13. cxb5 Nxd4 14.
Bxd4 axb5 15. Qd2 b4 16. Ne2 Bb5 17. Rfc1 e5 18. Be3 Qa5 19. a4 Bxe2 20. Qxe2 d5 21. exd5 Nxd5 22. Bxd5 Qxd5 23. Rc4 f5 24. Rac1 Ra8 25.
Bc5 Bxc5 26. Rxc5 Qxb3 27. Qxe5 f4 28. Rc7 Rf7 29. Rxf7 Qxf7 30. Rc7 Re8 31. Rxf7 Rxe5 32. Rxf4 b3 33. Rb4 Ra5 34. Rxb3 Rxa4 35. h4 Ra2 36. Kg2 h6 37. h5 Kf7 38. Rb6 Ra5 39. g4 Ra3 40. f3 Ra4 41. Kg3 Rc4 42. Rb5 Ra4 43. Rf5+ Ke6 44. Rf4 Ra3 45. Rb4 Rc3 46. Kf4 Kf6 47.
Rb6+ Kf7 48. Rd6 Rc4+ 49. Ke5 Rc5+ 50. Rd5 Rc4 51. Rd7+ Kf8 52. Kf5 Rc6 53. f4 Rf6+ 54. Ke5 Ra6 55. Rd6 Ra4 56. Kf5 Kf7 57. Rd5 Rb4 58.
Rd7+ Kf8 59. Rd5 Kf7 60. Rc5 Ra4 61. Rc7+ Kf8 62. Rc3 Ra5+ 63. Ke4 Ra4+ 64. Ke5 Ra5+ 65. Kd4 Kf7 66. Rc7+ Kf6 67. Rc6+ Kf7 68. Rd6 Rb5 69. Rd5 Rb4+ 70. Ke5 Ra4 71. Kf5 Ra7 72. g5 1-0

[Event "*** SCC Grand Prix: Titled Tuesday Blitz"]
[Site "Chess.com"]
[Date "2020.07.14"]
[Round "9"]
[White "davigator"]
[Black "Artyom_ChessMate"]
[Result "1-0"]
[WhiteElo "2372"]
[BlackElo "2493"]
[TimeControl "180+1"]
[EndTime "11:49:25 PDT"]
[Termination "davigator won by resignation"]

1. e4 e5 2. Nf3 Nc6 3. Bb5 a6 4. Ba4 Nf6 5. O-O Be7 6. Re1 O-O 7. Bxc6 dxc6 8. Nxe5 Re8 9. d3 Bc5 10. Nf3 Ng4 11. Be3 Nxe3 12. fxe3 Qf6 13. Nc3 Bb4 14.
Qd2 Bg4 15. Rf1 Rad8 16. a3 Ba5 17. b4 Bb6 18. d4 Qh6 19. Qd3 a5 20. Rae1 axb4 21.
axb4 Qd6 22. Rb1 Be6 23. e5 Qe7 24. Qe4 Bc4 25. Rf2 h6 26. Qf4 Bd5 27. Nd2 Qg5 28.
Nde4 Qxf4 29. Rxf4 Ra8 30. Rbf1 Be6 31. R4f3 Ra3 32.
Rg3 Rea8 33. h3 Ra1 34. Rf3 Rxf1+ 35. Rxf1 Ra3 36. Kf2 Bd5 37. Rc1 Kf8 38. Ke2 Bc4+ 39. Kd2 Ke7 40. Rb1 Ra8 41. g3 Ke6 42. Rg1 Ke7 43. Rg2 Ra3 44. Rf2 Be6 45. h4 Ra8 46. Rf1 Bd5 47. Rb1 Be6 48. Rb2 Ra3 49. Nc5 Ra7 50.
e4 Bxc5 51. bxc5 Bc4 52. Ke3 Be6 53. Kd2 Bc4 54. Rb4 Be6 55. d5 cxd5 56. exd5 Bc8 57. Kd3 Ra5 58. Kd4 Kd7 59. Rb1 Ra3 60. Rf1 Ke7 61. d6+ cxd6 62. exd6+ Kf8 63. Re1 Be6 64. Nb5 Ra4+ 65. Ke5 Rc4 66. Nd4 Rxc5+ 67. Ke4 Bd5+ 68. Kd3 Bc6 69. g4 Rd5 70. c4 Rxd6 71. Kc3 g6 72. Re5 Kg7 73. g5 hxg5 74. hxg5 Rd8 75. Rc5 Be8 76. Rc7 Rb8 77. Ne6+ Kg8 78. Nc5 Bc6 79. Nd7 Ra8 80. Ne5 Be4 81. Rxf7 Bf5 82. Rxb7 Re8 83. Nc6 Re3+ 84. Kd4 Rd3+ 85. Kc5 Be4 86. Ne7+ Kf7 87. Rc7 Rc3 88. Nd5+ Ke6 89. Nxc3 Bf5 90. Nd5 Ke5 91. Ne3 Kf4 92. Nxf5 Kxg5 1-0

[Event "*** SCC Grand Prix: Titled Tuesday Blitz"]
[Site "Chess.com"]
[Date "2020.07.14"]
[Round "9"]
[White "teacher4chess"]
[Black "Morshynska"]
[Result "1/2-1/2"]
[WhiteElo "2025"]
[BlackElo "2173"]
[TimeControl "180+1"]
[EndTime "11:49:29 PDT"]
[Termination "Game drawn - insufficient material"]

1. d4 d5 2. c4 c6 3. Nf3 Nf6 4.
e3 e6 5. Nc3 Nbd7 6. Qc2 Bd6 7.
b3 O-O 8. Bb2 b6 9. Bd3 Bb7 10.
O-O Rc8 11. Rad1 Qe7 12. e4 dxe4 13. Nxe4 Nxe4 14. Bxe4 Nf6 15. Bd3 h6 16. Ne5 c5 17.
Rfe1 cxd4 18. Bxd4 Rfd8 19. Bb2 Bb4 20. Re2 Ba8 21. h3 Qb7 22. Nf3 Nh5 23. Be4 Qe7 24. Bxa8 Rxa8 25. Re3 Nf4 26. Be5 Ng6 27. Bc3 Bxc3 28.
Rxc3 Nf4 29. Kh2 Qc7 30. g3 Nh5 31. Rcd3 Nf6 32. R1d2 Rxd3 33. Qxd3 g5 34. Qd6 Qxd6 35. Rxd6 Ne4 36. Rd7 Nxf2 37. Ne5 f6 38. Ng4 Nxg4+ 39. hxg4 f5 40. gxf5 exf5 41. Kg2 Re8 42. Rxa7 Re2+ 43. Kf3 Rc2 44. Ra6 h5 45. Rxb6 Kf7 46. Rh6 Rxa2 47.
Rxh5 Kg6 48. Rh8 Rb2 49. Rb8 g4+ 50. Kf4 Rf2+ 51. Ke5 Rf3 52. Rb7 Rxg3 53. Rb6+ Kg5 54. Rb8 Re3+ 55. Kd4 Re1 56. Rg8+ Kf4 57. c5 Rd1+ 58.
Kc4 g3 59. c6 Rc1+ 60. Kb5 Kf3 61. Kb6 g2 62. b4 g1=Q+ 63. Rxg1 Rxg1 64. c7 Rc1 65. Kb7 f4 66. b5 Ke4 67. b6 f3 68. c8=Q Rxc8 69. Kxc8 f2 70. b7 f1=Q 71. b8=Q Qc4+ 72. Qc7 Qxc7+ 73. Kxc7 1/2-1/2

[Event "*** SCC Grand Prix: Titled Tuesday Blitz"]
[Site "Chess.com"]
[Date "2020.07.14"]
[Round "9"]
[White "kirillshevchenko"]
[Black "Sanan_Sjugirov"]
[Result "0-1"]
[WhiteElo "2933"]
[BlackElo "2990"]
[TimeControl "180+1"]
[EndTime "11:49:36 PDT"]
[Termination "Sanan_Sjugirov won by resignation"]

1. e4 c5 2. Nf3 Nc6 3. Nc3 Nf6 4. Bb5 Qc7 5. O-O Nd4 6. Re1 Ng4 7. e5 h5 8. Bf1 a6 9. Nxd4 cxd4 10. Nd5 Qc5 11.
Nf4 Nxe5 12. b4 Qd6 13. Bb2 Ng4 14. g3 g5 15. Nd3 Bg7 16. Bg2 Rb8 17. h3 Ne5 18.
Nxe5 Bxe5 19. Qe2 Bf6 20. Qd3 h4 21. Re4 hxg3 22. fxg3 Qxb4 23. Bxd4 Bxd4+ 24. Rxd4 Qc5 25. Re1 e6 26. Kh2 b5 27. Qe3 Bb7 28. Bxb7 Rxb7 29.
c3 Rc7 30. Rf1 Qc6 31. Qf2 Rf8 32. Qf6 Qc5 33. Re4 Qe7 34. Qd4 Qc5 35. Qg7 a5 36. Rg4 Qe7 37. Rxg5 Rc5 38. Rg4 Rd5 39. d4 f5 40. Qg6+ Kd8 41. Rh4 Qa3 42. Qg5+ Kc7 43. Qd2 Rc8 44. Rh7 Qa4 45. g4 Qc4 46. Rf2 Kb7 47.
gxf5 exf5 48. Rf7 Qxc3 49. Qxc3 Rxc3 50. R2xf5 Rxf5 51. Rxf5 Kb6 52. h4 Rc2+ 53. Kg3 Rxa2 54. h5 Ra1 55. Rf6+ d6 56. Rxd6+ Kb7 57. Rd5 Kb6 58.
h6 Rh1 59. Rd6+ Kb7 60. Rd5 Kc6 61. Rc5+ Kb6 62. Kf4 Rxh6 63. Ke4 a4 64. Kd3 Ka5 65. Rc8 Kb4 66. d5 Rh3+ 67. Kd4 Rh4+ 68. Ke5 Rh1 69. d6 Rd1 70. Ke6 a3 71. d7 a2 72. Ra8 Kb3 73.
Ra6 Rxd7 74. Kxd7 Kb2 75. Kc6 b4 76. Kb5 b3 77. Kb4 Kc2 78. Ra8 Kb2 79. Ra3 Kc2 80.
Ra8 Kb1 81. Ra3 b2 82. Rh3 a1=Q 83. Kb3 Qa2+ 84. Kb4 Qd5 85. Rh2 Qe4+ 86. Ka5 Qd3 87. Rh1+ Ka2 88. Rh2 Qc3+ 89. Ka4 Ka1 90. Rh3 Qxh3 0-1

[Event "*** SCC Grand Prix: Titled Tuesday Blitz"]
[Site "Chess.com"]
[Date "2020.07.14"]
[Round "9"]
[White "kingnb"]
[Black "N00bM3ster"]
[Result "1/2-1/2"]
[WhiteElo "2567"]
[BlackElo "2812"]
[TimeControl "180+1"]
[EndTime "11:49:40 PDT"]
[Termination "Game drawn - insufficient material"]

1. e4 c5 2. Nf3 e6 3. c3 Nf6 4.
e5 Nd5 5. d4 cxd4 6. cxd4 d6 7. a3 dxe5 8. dxe5 Be7 9. Bd3 b6 10.
O-O Nd7 11. b4 a5 12. bxa5 Rxa5 13. a4 Ba6 14. Bxa6 Rxa6 15. Ba3 O-O 16. Bxe7 Qxe7 17.
Nbd2 Rb8 18. Nc4 Rba8 19. Qc2 b5 20. Nb2 N7b6 21. a5 Rxa5 22. Rxa5 Rxa5 23. Nd4 Ra2 24. Qb3 Qa3 25. Nd3 Qxb3 26. Nxb3 Ra3 27. Ndc5 Nc4 28.
Rc1 Nxe5 29. Nd4 b4 30. Nd3 f6 31. Nc5 Nd3 32. Nxd3 Rxd3 33. Nxe6 Rc3 34. Rxc3 bxc3 35. Nd4 Nb4 36. Ne2 c2 37. Nc1 Kf7 38. Kf1 Ke6 39. Ke2 Kd5 40. Kd2 Kc4 41. f3 g5 42. g4 Nc6 43.
Kxc2 Nd4+ 44. Kd1 Nxf3 45. h3 Ng1 46. Ke1 Nxh3 47. Ke2 Nf4+ 48. Kf3 Kd5 49. Nb3 Nd3 50.
Nd2 Ne5+ 51. Kg3 Ke6 52. Ne4 h6 53. Nc3 f5 54. gxf5+ Kxf5 55. Ne2 h5 56. Nd4+ Kg6 57.
Kh3 h4 58. Kg2 Kh5 59. Ne2 Kg4 60. Nd4 h3+ 61. Kh1 Nf3 62. Ne2 Kh4 63. Nf4 Ne5 64. Ne2 g4 65. Nd4 g3 66. Nf3+ Kg4 67. Nxe5+ Kf4 68.
Nd3+ Ke3 69. Ne5 Kf2 70. Ng4+ Kf3 71. Ne5+ Ke2 72. Kg1 h2+ 73. Kg2 h1=Q+ 74. Kxh1 Kf2 75. Ng4+ Kf1 76. Ne3+ Kf2 77. Ng2 Kf1 78. Nh4 Ke2 79. Ng2 Kf2 80. Nh4 g2+ 81. Nxg2 1/2-1/2